 Dungeon Crawl Stone Soup version 0.29.0-4-gdea44cf6ec (webtiles) character file.

Game seed: 16719830705452526912

186 qw the Chopper (level 5, -3/42 HPs)
             Began as a Ghoul Summoner on Sept 10, 2022.
             Slain by an orc
             ... wielding a +0 short sword
              (4 damage)
             ... on level 3 of the Dungeon.
             The game lasted 00:01:38 (4375 turns).

qw the Chopper (Ghoul Summoner)                     Turns: 4375, Time: 00:01:39

Health: -3/42      AC:  6    Str: 14    XL:     5   Next: 65%
Magic:  5/6        EV: 11    Int: 10    God:
Gold:   135        SH:  0    Dex: 15    Spells: 6/7 levels left

rFire   . . .      SeeInvis .   Y - +0 hand axe
rCold   + . .      Faith    .   (no shield)
rNeg    + + +      Spirit   .   d - +0 ring mail
rPois   inf        Reflect  .   f - +0 helmet
rElec   .          Harm     .   (no cloak)
rCorr   .          Rampage  .   (no gloves)
Will    .....                   (no boots)
Stlth   +.........              (no amulet)
HPRegen 0.00/turn               b - +6 ring of dexterity
MPRegen 0.10/turn               (no ring)

@: inhibited regen
A: claws 1, cold resistance 1, negative energy resistance 3, inhibited
regeneration, torment resistance 2, devour on kill
a: no special abilities


You were on level 3 of the Dungeon.
You visited 1 branch of the dungeon, and saw 3 of its levels.

You collected 135 gold pieces.


Innate Abilities, Weirdness & Mutations

You are immune to poison.
You have sharp fingernails.
Your flesh is cold resistant. (rC+)
You are immune to negative energy. (rN+++)
You do not regenerate when monsters are visible.
You are immune to unholy pain and torment.
You thrive by killing the living.


   Skills:
 + Level 2.7 Fighting
 - Level 4.0 Axes
 - Level 1.7 Dodging
 - Level 2.1 Stealth
 - Level 1.7 Spellcasting
 - Level 3.6 Summonings


You had 6 spell levels left.
You knew the following spells:

 Your Spells              Type           Power      Damage    Failure   Level
a - Summon Small Mammal   Summ           32%        N/A       16%         1

Your spell library contained the following spells:

 Spells                   Type           Power      Damage    Failure   Level
 Call Imp                 Summ           8%         N/A       22%         2
 Call Canine Familiar     Summ           8%         N/A       41%         3
 Summon Guardian Golem    Hex/Summ       4%         N/A       67%         3
 Summon Lightning Spire   Summ/Air       4%         N/A       97%         4

Inventory:

Hand Weapons
 g - a +0 morningstar of protection
 Y - a +0 hand axe (weapon)
Armour
 d - a +0 ring mail (worn)
 f - a +0 helmet (worn)
 j - a +0 chain mail
Jewellery
 b - a +6 ring of dexterity (left claw)
Scrolls
 c - a scroll of identify
Potions
 a - a potion of curing {unknown}
 e - a potion of attraction {unknown}
 h - a potion of degeneration {unknown}
 i - a potion of berserk rage {unknown}

Dungeon Overview and Level Annotations

Branches:
Dungeon (3/15)

Altars:
Cheibriados


Message History

The gnoll hits you with a +0 flail.
An orc comes into view. It is wielding a +0 short sword.
The orc hits you with a +0 hand axe. The gnoll barely misses you.
The gnoll hits you with a +0 flail. x2; The orc hits you with a +0 hand axe.
The gnoll hits you but does no damage.
You hit the gnoll.
You kill the gnoll!
You hit the orc but do no damage. You hit the gnoll.
The gnoll hits you from afar with a +0 spear.
The orc hits you but does no damage. The gnoll hits you with a +0 flail.
You hit the gnoll.
The gnoll is severely wounded.
You hit the orc. The gnoll barely misses you. The orc misses you.
The gnoll barely misses you.
You hit the gnoll.
The gnoll is severely wounded.
You completely miss the orc.
The gnoll hits you from afar with a +0 spear!
The orc hits you with a +0 hand axe. The gnoll closely misses you.
You hit the gnoll.
The gnoll is almost dead.
You closely miss the orc. The gnoll barely misses you. The orc misses you.
The gnoll barely misses you.
You hit the gnoll.
You kill the gnoll!
You feel better.
You hit the orc. The gnoll closely misses you. The orc barely misses you.
You closely miss the orc.
The orc is almost dead.
You hit the orc. x2
The gnoll hits you from afar with a +0 spear.
The orc hits you with a +2 antimagic short sword.
You feel your power leaking away. The orc closely misses you.
The orc hits you but does no damage.
You slash the orc!
You kill the orc!
You closely miss the orc. x2
The gnoll hits you from afar with a +0 spear.
The orc barely misses you. The orc hits you with a +0 short sword.
You die...

#################
......#....#...$.
...(..o)o..'.....
......#@)g.#..... .
#############''''####### .g
#.......................
####~~~~~~~~~~~~....~~~~~~~
~~~~~~~~~~~~~~~~....~~~~~~~
~~~~~~~~~~~~~~~~....~~~~~~~
.......)...................
#......##########.#####....
. #.####.##########... ....
)#


You could see a gnoll and 2 orcs.

Vanquished Creatures
  An orc priest (D:3)
  3 gnolls (D:3)
  2 worms
  8 orcs (D:3)
  6 endoplasms
  A giant cockroach (D:2)
  5 goblins
  A hobgoblin (D:2)
  11 jackals
  3 quokkas
  3 ball pythons
  2 bats
  2 kobolds
  5 rats
53 creatures vanquished.

Vanquished Creatures (collateral kills)
  Jessica (D:3)
  An adder (D:3)
  An orc (D:3)
  A bat (D:3)
  2 endoplasms (D:3)
  3 goblins
  2 hobgoblins
  6 ball pythons
  2 frilled lizards (D:2)
  2 kobolds
  3 rats
24 creatures vanquished.

Vanquished Creatures (others)
  A plant (D:3)
1 creature vanquished.

Grand Total: 78 creatures vanquished

Notes
Turn   | Place    | Note
-------+----------+-------------------------------------------
     0 | D:1      | qw the Ghoul Summoner began the quest for the Orb.
     0 | D:1      | Reached XP level 1. HP: 14/14 MP: 2/2
     0 | D:1      | 0 ||| qw: Version: 0.1-a-116-g5d60599
     0 | D:1      | 0 ||| qw: Game counter: 7491
     0 | D:1      | 0 ||| qw: Always use a shield: true
     0 | D:1      | 0 ||| qw: God list: Okawaru
     0 | D:1      | 0 ||| qw: Allow faded altars: false
     0 | D:1      | 0 ||| qw: Do Orc after D:15 true
     0 | D:1      | 0 ||| qw: Do second Lair branch before Depths: true
     0 | D:1      | 0 ||| qw: Lair rune preference: random
     0 | D:1      | 0 ||| qw: Plans: Normal
     0 | D:1      | 0 ||| PLANNING D:1-11
    62 | D:1      | 62 ||| CASTING Summon Small Mammal
    63 | D:1      | 63 ||| CASTING Summon Small Mammal
    92 | D:1      | 92 ||| CASTING Summon Small Mammal
    93 | D:1      | 93 ||| CASTING Summon Small Mammal
   105 | D:1      | 105 ||| CASTING Summon Small Mammal
   107 | D:1      | 107 ||| Stepping ~*~*~tactically~*~*~ (outnumbered).
   117 | D:1      | 117 ||| CASTING Summon Small Mammal
   121 | D:1      | Reached skill level 1 in Axes
   162 | D:1      | You fall into a shaft and drop 1 floor!
   180 | D:2      | 180 ||| CASTING Summon Small Mammal
   181 | D:2      | 181 ||| CASTING Summon Small Mammal
   269 | D:2      | 269 ||| CASTING Summon Small Mammal
   270 | D:2      | 270 ||| CASTING Summon Small Mammal
   278 | D:2      | Reached XP level 2. HP: 22/22 MP: 0/3
   310 | D:2      | 310 ||| CASTING Summon Small Mammal
   311 | D:2      | 311 ||| CASTING Summon Small Mammal
   312 | D:2      | 312 ||| CASTING Summon Small Mammal
   320 | D:2      | Reached skill level 1 in Fighting
   352 | D:2      | 352 ||| Wielding weapon +0 spear.
   358 | D:2      | 358 ||| Stepping ~*~*~tactically~*~*~ (stealth).
   359 | D:2      | 359 ||| CASTING Summon Small Mammal
   360 | D:2      | 360 ||| CASTING Summon Small Mammal
   361 | D:2      | 361 ||| CASTING Summon Small Mammal
   397 | D:2      | 397 ||| UPGRADING to +0 helmet.
   402 | D:2      | 402 ||| READING scroll labelled INGIOMALLUS.
   503 | D:2      | 503 ||| READING scroll labelled CYTTEX XUQINARGH.
   504 | D:2      | 504 ||| DROPPING potion of magic.
   513 | D:1      | 513 ||| CASTING Summon Small Mammal
   514 | D:1      | 514 ||| CASTING Summon Small Mammal
   515 | D:1      | 515 ||| CASTING Summon Small Mammal
   619 | D:1      | Found a faded altar of an unknown god.
   628 | D:1      | 628 ||| CASTING Summon Small Mammal
   629 | D:1      | 629 ||| CASTING Summon Small Mammal
   630 | D:1      | 630 ||| CASTING Summon Small Mammal
   701 | D:1      | 701 ||| CASTING Summon Small Mammal
   702 | D:1      | 702 ||| CASTING Summon Small Mammal
   736 | D:1      | 736 ||| CASTING Summon Small Mammal
   737 | D:1      | 737 ||| CASTING Summon Small Mammal
   738 | D:1      | 738 ||| CASTING Summon Small Mammal
   812 | D:1      | 812 ||| CASTING Summon Small Mammal
   813 | D:1      | 813 ||| CASTING Summon Small Mammal
   814 | D:1      | 814 ||| CASTING Summon Small Mammal
   860 | D:1      | 860 ||| CASTING Summon Small Mammal
   862 | D:1      | 862 ||| CASTING Summon Small Mammal
   863 | D:1      | 863 ||| CASTING Summon Small Mammal
   903 | D:1      | 903 ||| SWAPPING to +0 hand axe.
   904 | D:1      | 904 ||| DROPPING +0 spear.
   930 | D:1      | 930 ||| CASTING Summon Small Mammal
   931 | D:1      | 931 ||| CASTING Summon Small Mammal
   932 | D:1      | 932 ||| CASTING Summon Small Mammal
   969 | D:1      | 969 ||| CASTING Summon Small Mammal
   970 | D:1      | 970 ||| CASTING Summon Small Mammal
  1011 | D:1      | 1011 ||| CASTING Summon Small Mammal
  1012 | D:1      | 1012 ||| CASTING Summon Small Mammal
  1013 | D:1      | 1013 ||| CASTING Summon Small Mammal
  1081 | D:1      | 1081 ||| CASTING Summon Small Mammal
  1082 | D:1      | 1082 ||| CASTING Summon Small Mammal
  1083 | D:1      | 1083 ||| CASTING Summon Small Mammal
  1100 | D:1      | Reached XP level 3. HP: 28/28 MP: 1/4
  1191 | D:1      | 1191 ||| CASTING Summon Small Mammal
  1192 | D:1      | 1192 ||| CASTING Summon Small Mammal
  1193 | D:1      | 1193 ||| CASTING Summon Small Mammal
  1194 | D:1      | 1194 ||| CASTING Summon Small Mammal
  1205 | D:1      | Reached skill level 2 in Axes
  1320 | D:1      | 1320 ||| DROPPING +0 club.
  1421 | D:1      | 1421 ||| CASTING Summon Small Mammal
  1422 | D:1      | 1422 ||| CASTING Summon Small Mammal
  1423 | D:1      | 1423 ||| CASTING Summon Small Mammal
  1424 | D:1      | 1424 ||| CASTING Summon Small Mammal
  1459 | D:1      | HP: 6/28 [jackal (2)]
  1721 | D:1      | 1721 ||| UPGRADING to +6 ring of dexterity.
  1722 | D:1      | 1722 ||| DROPPING ring of wizardry.
  1723 | D:1      | 1723 ||| DROPPING +6 ring of intelligence.
  1724 | D:1      | 1724 ||| READING 2 scrolls labelled HUTATE ZIBBUYJ.
  1725 | D:1      | 1725 ||| READING scroll labelled AKIGRE GUOSOEPN.
  1726 | D:1      | 1726 ||| READING scroll labelled ROTIME YHOENK.
  1727 | D:1      | 1727 ||| READING scroll labelled LUCRYT JOULL.
  1728 | D:1      | 1728 ||| DROPPING scroll of poison.
  1754 | D:2      | Found a snail-covered altar of Cheibriados.
  1755 | D:2      | 1755 ||| CASTING Summon Small Mammal
  1756 | D:2      | 1756 ||| STAIRDANCE
  1774 | D:2      | HP: 7/29 [quokka (1)]
  1779 | D:2      | 1779 ||| STAIRDANCE
  1997 | D:1      | 1997 ||| Stepping ~*~*~tactically~*~*~ (stealth).
  2002 | D:1      | 2002 ||| Stepping ~*~*~tactically~*~*~ (stealth).
  2034 | D:1      | 2034 ||| Stepping ~*~*~tactically~*~*~ (stealth).
  2036 | D:1      | 2036 ||| Stepping ~*~*~tactically~*~*~ (stealth).
  2038 | D:1      | 2038 ||| Stepping ~*~*~tactically~*~*~ (stealth).
  2040 | D:1      | 2040 ||| Stepping ~*~*~tactically~*~*~ (stealth).
  2063 | D:2      | 2063 ||| CASTING Summon Small Mammal
  2064 | D:2      | 2064 ||| CASTING Summon Small Mammal
  2065 | D:2      | 2065 ||| CASTING Summon Small Mammal
  2066 | D:2      | 2066 ||| CASTING Summon Small Mammal
  2161 | D:2      | 2161 ||| CASTING Summon Small Mammal
  2162 | D:2      | 2162 ||| CASTING Summon Small Mammal
  2163 | D:2      | 2163 ||| CASTING Summon Small Mammal
  2164 | D:2      | 2164 ||| CASTING Summon Small Mammal
  2225 | D:2      | 2225 ||| CASTING Summon Small Mammal
  2226 | D:2      | 2226 ||| CASTING Summon Small Mammal
  2227 | D:2      | 2227 ||| CASTING Summon Small Mammal
  2228 | D:2      | 2228 ||| CASTING Summon Small Mammal
  2281 | D:2      | 2281 ||| CASTING Summon Small Mammal
  2282 | D:2      | 2282 ||| CASTING Summon Small Mammal
  2283 | D:2      | 2283 ||| CASTING Summon Small Mammal
  2284 | D:2      | 2284 ||| CASTING Summon Small Mammal
  2294 | D:2      | HP: 7/29 [jackal (3)]
  2299 | D:2      | 2299 ||| CASTING Summon Small Mammal
  2302 | D:2      | 2302 ||| CASTING Summon Small Mammal
  2529 | D:2      | 2529 ||| DROPPING +0 mace.
  2689 | D:2      | 2689 ||| CASTING Summon Small Mammal
  2690 | D:2      | 2690 ||| CASTING Summon Small Mammal
  2691 | D:2      | 2691 ||| CASTING Summon Small Mammal
  2692 | D:2      | 2692 ||| CASTING Summon Small Mammal
  2798 | D:2      | 2798 ||| CASTING Summon Small Mammal
  2799 | D:2      | 2799 ||| CASTING Summon Small Mammal
  2800 | D:2      | 2800 ||| CASTING Summon Small Mammal
  2801 | D:2      | 2801 ||| CASTING Summon Small Mammal
  2873 | D:2      | 2873 ||| UPGRADING to +0 ring mail.
  2883 | D:2      | 2883 ||| DROPPING +0 robe.
  2914 | D:3      | 2914 ||| CASTING Summon Small Mammal
  2916 | D:3      | 2916 ||| CASTING Summon Small Mammal
  2917 | D:3      | 2917 ||| CASTING Summon Small Mammal
  2918 | D:3      | 2918 ||| CASTING Summon Small Mammal
  2927 | D:3      | 2927 ||| CASTING Summon Small Mammal
  2980 | D:3      | 2980 ||| CASTING Summon Small Mammal
  2981 | D:3      | 2981 ||| CASTING Summon Small Mammal
  2982 | D:3      | 2982 ||| CASTING Summon Small Mammal
  2983 | D:3      | 2983 ||| CASTING Summon Small Mammal
  3044 | D:3      | 3044 ||| CASTING Summon Small Mammal
  3045 | D:3      | 3045 ||| CASTING Summon Small Mammal
  3046 | D:3      | 3046 ||| CASTING Summon Small Mammal
  3057 | D:3      | 3057 ||| CASTING Summon Small Mammal
  3058 | D:3      | 3058 ||| CASTING Summon Small Mammal
  3100 | D:3      | 3100 ||| CASTING Summon Small Mammal
  3101 | D:3      | 3101 ||| CASTING Summon Small Mammal
  3102 | D:3      | 3102 ||| CASTING Summon Small Mammal
  3103 | D:3      | 3103 ||| CASTING Summon Small Mammal
  3146 | D:3      | 3146 ||| CASTING Summon Small Mammal
  3147 | D:3      | 3147 ||| CASTING Summon Small Mammal
  3148 | D:3      | 3148 ||| CASTING Summon Small Mammal
  3149 | D:3      | 3149 ||| CASTING Summon Small Mammal
  3152 | D:3      | Reached XP level 4. HP: 36/36 MP: 0/5
  3208 | D:3      | 3208 ||| CASTING Summon Small Mammal
  3209 | D:3      | 3209 ||| CASTING Summon Small Mammal
  3210 | D:3      | 3210 ||| CASTING Summon Small Mammal
  3211 | D:3      | 3211 ||| CASTING Summon Small Mammal
  3212 | D:3      | 3212 ||| CASTING Summon Small Mammal
  3293 | D:3      | 3293 ||| CASTING Summon Small Mammal
  3294 | D:3      | 3294 ||| CASTING Summon Small Mammal
  3295 | D:3      | 3295 ||| CASTING Summon Small Mammal
  3296 | D:3      | 3296 ||| CASTING Summon Small Mammal
  3297 | D:3      | 3297 ||| CASTING Summon Small Mammal
  3367 | D:3      | 3367 ||| CASTING Summon Small Mammal
  3368 | D:3      | 3368 ||| CASTING Summon Small Mammal
  3369 | D:3      | 3369 ||| CASTING Summon Small Mammal
  3370 | D:3      | 3370 ||| CASTING Summon Small Mammal
  3414 | D:3      | 3414 ||| CASTING Summon Small Mammal
  3415 | D:3      | 3415 ||| CASTING Summon Small Mammal
  3416 | D:3      | 3416 ||| CASTING Summon Small Mammal
  3417 | D:3      | 3417 ||| CASTING Summon Small Mammal
  3418 | D:3      | 3418 ||| CASTING Summon Small Mammal
  3471 | D:3      | 3471 ||| CASTING Summon Small Mammal
  3472 | D:3      | 3472 ||| CASTING Summon Small Mammal
  3473 | D:3      | 3473 ||| CASTING Summon Small Mammal
  3474 | D:3      | 3474 ||| CASTING Summon Small Mammal
  3475 | D:3      | 3475 ||| CASTING Summon Small Mammal
  3519 | D:3      | 3519 ||| CASTING Summon Small Mammal
  3519 | D:3      | Noticed Jessica
  3520 | D:3      | 3520 ||| CASTING Summon Small Mammal
  3521 | D:3      | 3521 ||| CASTING Summon Small Mammal
  3522 | D:3      | 3522 ||| CASTING Summon Small Mammal
  3530 | D:3      | Killed Jessica
  3531 | D:3      | Reached skill level 3 in Axes
  3532 | D:3      | 3532 ||| CASTING Summon Small Mammal
  3536 | D:3      | 3536 ||| CASTING Summon Small Mammal
  3564 | D:3      | 3564 ||| CASTING Summon Small Mammal
  3565 | D:3      | 3565 ||| CASTING Summon Small Mammal
  3568 | D:3      | 3568 ||| CASTING Summon Small Mammal
  3579 | D:3      | Reached XP level 5. HP: 27/41 MP: 1/6
  3628 | D:3      | 3628 ||| Stepping ~*~*~tactically~*~*~ (stealth).
  3629 | D:3      | 3629 ||| Stepping ~*~*~tactically~*~*~ (stealth).
  3792 | D:3      | 3792 ||| Stepping ~*~*~tactically~*~*~ (stealth).
  3799 | D:3      | 3799 ||| CASTING Summon Small Mammal
  3800 | D:3      | 3800 ||| CASTING Summon Small Mammal
  3801 | D:3      | 3801 ||| CASTING Summon Small Mammal
  3802 | D:3      | 3802 ||| CASTING Summon Small Mammal
  3803 | D:3      | 3803 ||| CASTING Summon Small Mammal
  3804 | D:3      | 3804 ||| CASTING Summon Small Mammal
  3809 | D:3      | 3809 ||| CASTING Summon Small Mammal
  3893 | D:3      | 3893 ||| CASTING Summon Small Mammal
  3894 | D:3      | 3894 ||| CASTING Summon Small Mammal
  3895 | D:3      | 3895 ||| CASTING Summon Small Mammal
  3896 | D:3      | 3896 ||| CASTING Summon Small Mammal
  4019 | D:3      | 4019 ||| Stepping ~*~*~tactically~*~*~ (hiding).
  4020 | D:3      | 4020 ||| CASTING Summon Small Mammal
  4021 | D:3      | 4021 ||| CASTING Summon Small Mammal
  4032 | D:3      | Reached skill level 4 in Axes
  4038 | D:3      | 4038 ||| CASTING Summon Small Mammal
  4039 | D:3      | 4039 ||| CASTING Summon Small Mammal
  4040 | D:3      | 4040 ||| CASTING Summon Small Mammal
  4041 | D:3      | 4041 ||| CASTING Summon Small Mammal
  4042 | D:3      | 4042 ||| CASTING Summon Small Mammal
  4043 | D:3      | 4043 ||| CASTING Summon Small Mammal
  4106 | D:3      | 4106 ||| CASTING Summon Small Mammal
  4107 | D:3      | 4107 ||| CASTING Summon Small Mammal
  4108 | D:3      | 4108 ||| CASTING Summon Small Mammal
  4109 | D:3      | 4109 ||| CASTING Summon Small Mammal
  4110 | D:3      | 4110 ||| CASTING Summon Small Mammal
  4163 | D:3      | 4163 ||| CASTING Summon Small Mammal
  4164 | D:3      | 4164 ||| CASTING Summon Small Mammal
  4165 | D:3      | 4165 ||| CASTING Summon Small Mammal
  4166 | D:3      | 4166 ||| CASTING Summon Small Mammal
  4167 | D:3      | 4167 ||| CASTING Summon Small Mammal
  4168 | D:3      | 4168 ||| CASTING Summon Small Mammal
  4230 | D:3      | 4230 ||| CASTING Summon Small Mammal
  4231 | D:3      | 4231 ||| CASTING Summon Small Mammal
  4232 | D:3      | 4232 ||| CASTING Summon Small Mammal
  4233 | D:3      | 4233 ||| CASTING Summon Small Mammal
  4283 | D:3      | 4283 ||| Stepping ~*~*~tactically~*~*~ (stealth).
  4288 | D:3      | 4288 ||| CASTING Summon Small Mammal
  4289 | D:3      | 4289 ||| CASTING Summon Small Mammal
  4290 | D:3      | 4290 ||| CASTING Summon Small Mammal
  4291 | D:3      | 4291 ||| CASTING Summon Small Mammal
  4292 | D:3      | 4292 ||| CASTING Summon Small Mammal
  4371 | D:3      | HP: 5/42 [orc/+0 hand axe (6)]
  4375 | D:3      | HP: 1/42 [gnoll/+0 spear (3)]
  4375 | D:3      | Slain by an orc

Levels and vault maps discovered:
D:1:      onia_arrival_handbag, layout_basic, basic_ecumenical_altar,
          glass_columns_a
D:2:      minmay_general_purpose_star, layout_rooms, basic_altar,
          grunt_ministairs_14
D:3:      lemuel_castle_with_subvaults [lemuel_castle_interior_carwin_1],
          layout_loops_cross, ebering_ghost_sewer_f, uniq_ijyb, uniq_jessica

Skill      XL: |  1  2  3  4  5 |
---------------+----------------+-----
Axes           | 1 2 3 4 |  4.0
Fighting       | 1 2 |  2.7
Dodging        | |  1.7
Stealth        | |  2.1
Spellcasting   | |  1.7
Summonings     | |  3.6

Action                   |  1- 3 |  4- 6 || total
-------------------------+-------+-------++-------
Melee: Unarmed           |    26 |       ||    26
       Punch             |     3 |     1 ||     4
       Spear             |    14 |       ||    14
       Hand axe          |   102 |    89 ||   191
 Cast: Summon Small Mamm |    95 |    61 ||   156
  Use: Scroll            |     6 |       ||     6
 Stab: Distracted        |     1 |     1 ||     2
Armor: Robe              |    37 |       ||    37
       Ring mail         |     4 |    25 ||    29
Dodge: Dodged            |   104 |    60 ||   164

Table legend:
 A = Non-vault XP
 B = Vault XP
 C = Vault XP percentage of total XP
 D = Non-vault monster count
 E = Vault monster count
 F = Vault count percentage of total count
                 A         B        C        D         E       F
            +---------+---------+-------+---------+---------+-------
      Total |     160 |     109 |  40.5 |      58 |      19 |  24.7
            +---------+---------+-------+---------+---------+-------
        D:1 |      31 |       4 |  11.4 |      19 |       4 |  17.4
        D:2 |      21 |      13 |  38.2 |      13 |       6 |  31.6
        D:3 |     108 |      92 |  46.0 |      26 |       9 |  25.7
            +---------+---------+-------+---------+---------+-------
